 Dungeon Crawl Stone Soup version 0.31-a0-655-gf2d5465dac (webtiles) character file.

Game seed: 11825991070511696766

343 GordonOverkill the Ruffian (level 6, -1/62 HPs)
             Began as a Troll Delver on Aug 29, 2023.
             Was an Initiate of the Shining One.
             Slain by a gnoll
             ... wielding a +0 spear
              (7 damage)
             ... on level 6 of the Dungeon.
             The game lasted 00:02:06 (256 turns).

GordonOverkill the Ruffian (Troll Delver)            Turns: 256, Time: 00:02:07

Health: -1/62      AC:  4    Str: 23    XL:     6   Next: 31%
Magic:  6/6        EV:  9    Int:  6    God:    the Shining One [......]
Gold:   9          SH:  0    Dex: 11    Spells: 5/5 levels left

rFire   . .          .
                       - Unarmed
rCold   . . .        (no shield)
rNeg    . . .        a - +0 robe
rPois   .            (helmet restricted)
rElec   .            (no cloak)
rCorr   .            (gloves unavailable)
SInv    .            (boots unavailable)
Will    .....        (no amulet)
Stlth   +            (no ring)
HPRegen 1.10/turn    (no ring)
MPRegen 0.10/turn

%: no passive effects
@: confused, glowing
A: large, unfitting armour, claws 3, regeneration 1, shaggy fur 1, tough skin 1
a: Renounce Religion


You were on level 6 of the Dungeon.
You worshipped the Shining One.
The Shining One was noncommittal.
You visited 1 branch of the dungeon, and saw 2 of its levels.

You collected 9 gold pieces.

Inventory:

Armour
 a - a +0 robe (worn)
Wands
 f - a wand of digging (3)
Scrolls
 b - a scroll of fog
 c - a scroll of revelation
 d - a scroll of fear


   Skills:
 - Level 4.0 Fighting
 - Level 1.5 Dodging
 - Level 2.7 Stealth
 + Level 5.0 Unarmed Combat
 - Level 2.0 Invocations


You had 5 spell levels left.
You didn't know any spells.
Your spell library was empty.

Dungeon Overview and Level Annotations

Branches:
Dungeon (6/15)
 Temple: D:4-7

Altars:
Elyvilon
Zin
The Shining One

Annotations:
D:6 Sigmund


Innate Abilities, Weirdness & Mutations

You are too large for most types of armour.
You have claws for hands.
Your natural rate of healing is unusually fast.
You are covered in fur. (AC +1)
You have tough skin. (AC +1)


Message History

* * * LOW HITPOINT WARNING * * *
Training target 4.0 for Fighting reached!
Your Fighting skill increases to level 4!
You need to enable at least one skill for training.
Sigmund casts a spell at you.
You are confused.
The gnoll attacks as it pursues you!
The gnoll hits you from afar with a +0 spear.
* * * LOW HITPOINT WARNING * * *
Sigmund points at you and mumbles some strange words.
You are more confused.
You aren't carrying any potions.
Sigmund gestures at you while chanting. The magic dart hits you.
* * * LOW HITPOINT WARNING * * *
The gnoll hits you with a +0 spear.
* * * LOW HITPOINT WARNING * * *
Sigmund points at you and mumbles some strange words.
The puff of flame hits you!
* * * LOW HITPOINT WARNING * * *
The gnoll hits you from afar with a +0 spear.
* * * LOW HITPOINT WARNING * * *
The gnoll attacks as it pursues you! The gnoll closely misses you.
The gnoll barely misses you.
You miss the gnoll.
Sigmund says, "Now you see me, now you don't..."
The gnoll hits you from afar with a +0 spear.
* * * LOW HITPOINT WARNING * * *
Sigmund gestures at you while chanting.
You are more confused.
The gnoll hits you with a +0 spear.
* * * LOW HITPOINT WARNING * * *
You aren't carrying any potions.
The gnoll hits you with a +0 spear.
* * * LOW HITPOINT WARNING * * *
Sigmund misses you.
You scratch the gnoll.
The gnoll is lightly wounded.
The gnoll hits you with a +0 spear!
You die...

#.. #...>.. .) #.#.#.
.... ... #...#.##..
./.. #
#.......###.....
..##.....†))......
........#.#
..###....@..#
..........##
###...g@## .#
#.###.....# ..
#.[.......## ###.
...#######..#####
...##.##
.............#
...o...
.............#
..o....
###..........## #..#
#.## #...........##
..# #..#
#............########


You could see Sigmund and a gnoll.

Vanquished Creatures
  Menkaure (D:6)
  A sky beast (D:5)
  A bullfrog (D:6)
  An iguana (D:6)
  An adder (D:6)
  2 gnolls (D:6)
  5 orcs
12 creatures vanquished.

Notes
Turn   | Place    | Note
-------+----------+-------------------------------------------
     0 | D:5      | GordonOverkill the Troll Delver began the quest for the
                  | Orb.
     0 | D:5      | Reached XP level 1. HP: 22/22 MP: 0/0
     9 | D:5      | Became a worshipper of the Shining One
    36 | D:6      | Noticed an iguana
    51 | D:6      | Killed an iguana
    52 | D:6      | Reached XP level 2. HP: 26/31 MP: 1/1
    64 | D:6      | Noticed a sky beast
    77 | D:6      | Reached XP level 3. HP: 35/37 MP: 2/2
    79 | D:6      | Reached skill level 3 in Unarmed Combat
   102 | D:6      | Noticed Menkaure
   147 | D:5      | Killed a sky beast
   148 | D:5      | Reached skill level 4 in Unarmed Combat
   148 | D:5      | Reached XP level 4. HP: 23/45 MP: 2/4
   174 | D:6      | Killed Menkaure
   175 | D:6      | Reached skill level 5 in Unarmed Combat
   175 | D:6      | Reached XP level 5. HP: 35/53 MP: 3/5
   234 | D:6      | Reached XP level 6. HP: 55/61 MP: 6/6
   242 | D:6      | Noticed Sigmund
   256 | D:6      | Slain by a gnoll

Illustrated notes

Levels and vault maps discovered:
D:5:      layout_basic, dreamdust_divine_triumvirate, amcnicky_altar_gilded,
          guppyfry_shop_venom
D:6:      layout_rooms, grunt_temple_overflow_open, minmay_temple_entry_statues,
          hangedman_decor_opposing, st_stairs_3, uniq_sigmund, uniq_menkaure

Skill      XL: |  1  2  3  4  5  6 |
---------------+-------------------+-----
Fighting       | 3 4 |  4.0
Unarmed Combat | 4 5 |  5.0
Invocations    | 2 |  2.0
Dodging        | |  1.5
Stealth        | |  2.7

Action                     |  1- 3 |  4- 6 || total
---------------------------+-------+-------++-------
  Melee: Unarmed           |    35 |    18 ||    53
    Use: Potion            |     1 |       ||     1
 Armour: Robe              |    15 |     2 ||    17
  Dodge: Dodged            |    11 |    11 ||    22

Table legend: (Time is in decaauts)
 A = Elapsed time spent in this place.
 B = Non-inter-level travel time spent in this place.
 C = Inter-level travel time spent in this place.
 D = Time resting spent in this place.
 E = Time spent auto-exploring this place.
 F = Levels seen in this place.
 G = Mean time per level.
                   A        B        C        D        E       F      G
               +--------+--------+--------+--------+--------+-----+--------+
         Total |    238 |    238 |      0 |     22 |     32 |   2 |  119.0 |
       Dungeon |    238 |    238 |      0 |     22 |     32 |   2 |  119.0 |
               +--------+--------+--------+--------+--------+-----+--------+

Top non-repeatable levels by time:
     D:6: 175 daAuts
     D:5: 62 daAuts
